 Dungeon Crawl Stone Soup version 0.29-a0-1006-g0dd7720b37 (webtiles) character file.

Game seed: 3706588917509457042

64269 kae the Bludgeoner (level 14, -5/118 (126) HPs)
             Began as a Minotaur Fighter on Aug 6, 2022.
             Was the Champion of Makhleb.
             Slain by a soul eater (18 damage)
             ... summoned by an orc sorcerer
             ... on level 2 of the Orcish Mines.
             The game lasted 00:18:19 (23965 turns).

kae the Bludgeoner (Minotaur Fighter)              Turns: 23965, Time: 00:18:19

HP:   -5/118 (126)  AC: 20    Str: 25    XL:     14   Next: 71%
MP:   20/20         EV: 14    Int:  7    God:    Makhleb [******]
Gold: 1754          SH: 12    Dex: 11    Spells: 13/13 levels left

rFire   + . .      SeeInvis .   r - +10 hammer of the Shrike {flame, Will+ Int+2}
rCold   . . .      Faith    .   a - +0 buckler
rNeg    . . .      Spirit   .   W - +0 scale mail {rF+}
rPois   .          Reflect  +   (helmet restricted)
rElec   .          Harm     .   q - +2 cloak
rCorr   .          Rampage  .   J - +2 pair of gloves
Will    ++...                   (no boots)
Stlth   ..........              l - amulet of reflection
HPRegen 0.29/turn               O - +4 ring of protection
MPRegen 0.17/turn               Y - +4 ring of slaying

@: studying Armour, drained
A: horns 2, retaliatory headbutt
a: Renounce Religion, Minor Destruction, Lesser Servant of Makhleb, Major
Destruction, Greater Servant of Makhleb


You were on level 2 of the Orcish Mines.
You worshipped Makhleb.
Makhleb was exalted by your worship.
You visited 4 branches of the dungeon, and saw 18 of its levels.
You also visited: Sewer, Ossuary, Gauntlet and Volcano.

You collected 1774 gold pieces.
You spent 20 gold pieces at shops.


Innate Abilities, Weirdness & Mutations

You have a pair of horns on your head.
You reflexively headbutt those who attack you in melee.


   Skills:
 + Level 12.1 Fighting
 + Level 17.7 Maces & Flails
 + Level 13.6 Armour
 + Level 10.6 Dodging
 + Level 12.1 Shields
 + Level 9.8 Invocations
 + Level 2.8 Evocations


You had 13 spell levels left.
You didn't know any spells.
Your spell library contained the following spells:

 Spells                   Type           Power      Damage    Failure   Level
 Apportation              Tloc           0%         N/A       71%         1
 Beastly Appendage        Tmut           0%         N/A       71%         1
 Freeze                   Ice            0%         1d3       71%         1
 Magic Dart               Conj           0%         1d3       71%         1
 Necrotise                Necr           0%         1d4       71%         1
 Summon Small Mammal      Summ           0%         N/A       71%         1
 Call Imp                 Summ           0%         N/A       83%         2
 Poisonous Vapours        Pois/Air       0%         N/A       83%         2
 Searing Ray              Conj           0%         2d4       83%         2
 Wereblood                Tmut           0%         N/A       83%         2
 Frozen Ramparts          Ice            0%         1d1       97%         3
 Mephitic Cloud           Conj/Pois/Air  0%         N/A       97%         3
 Portal Projectile        Hex/Tloc       0%         N/A       97%         3
 Spider Form              Tmut/Pois      0%         N/A       97%         3
 Anguish                  Hex/Necr       0%         N/A       100%        4
 Corpse Rot               Necr/Pois/Air  0%         N/A       100%        4
 Fulminant Prism          Conj/Hex       0%         3d6       100%        4
 Hailstorm                Conj/Ice       0%         3d3       100%        4
 Ice Form                 Ice/Tmut       0%         N/A       100%        4
 Summon Ice Beast         Ice/Summ       0%         N/A       100%        4
 Summon Forest            Summ/Tloc      0%         N/A       100%        5
 Eringya's Noxious Bog    Tmut/Pois      0%         N/A       100%        6
 Summon Hydra             Summ           0%         N/A       100%        7

Inventory:

Hand Weapons
 r - the +10 hammer of the Shrike (weapon) {flame, Will+ Int+2}
   (You found it on level 2 of the Dungeon)

   It burns those it strikes, dealing additional fire damage.
   Int:       It affects your intelligence (+2).
   Will:      It increases your willpower.
Missiles
 f - 120 stones (quivered)
 m - 34 poisoned darts
 n - 21 boomerangs
 H - 6 curare-tipped darts {=f}
 K - 7 javelins
 V - 12 silver javelins
Armour
 a - a +0 buckler (worn)
 q - a +2 cloak (worn)
   (You took it off Crazy Yiuf on level 2 of the Dungeon)
 J - a +2 pair of gloves (worn)
   (You found it on level 7 of the Dungeon)
 W - a +0 scale mail of fire resistance (worn)
   (You took it off Urug on level 4 of the Lair of Beasts)
Magical Staves
 C - a staff of death {!a}
   (You found it in a Gauntlet)
Jewellery
 l - an amulet of reflection (around neck)
   (You found it on level 3 of the Dungeon)
 v - a ring of see invisible
   (You found it on level 10 of the Dungeon)
 D - a +6 ring of dexterity
   (You found it on level 1 of the Dungeon)
 F - a ring of protection from fire
   (You found it on level 5 of the Lair of Beasts)
 N - a ring of positive energy
   (You found it on level 9 of the Dungeon)
 O - a +4 ring of protection (left hand)
   (You found it on level 7 of the Dungeon)
 X - the ring of Rihan {Str+4 Int+6}
   (You found it on level 5 of the Lair of Beasts)

   [ring of intelligence]

   Str:       It affects your strength (+4).
   Int:       It affects your intelligence (+6).
 Y - a +4 ring of slaying (right hand)
   (You found it on level 2 of the Dungeon)
Wands
 c - a wand of roots (6)
   (You found it in a Gauntlet)
 s - a wand of digging (8)
   (You took it off Sigmund on level 4 of the Dungeon)
 z - a wand of quicksilver (7)
   (You found it in a Gauntlet)
 A - a wand of flame (32)
   (You found it on level 6 of the Dungeon)
 E - a wand of charming (14)
   (You found it on level 8 of the Dungeon)
 G - a wand of polymorph (3)
   (You found it in a Gauntlet)
Scrolls
 e - 15 scrolls of teleportation {@r4}
 h - 4 scrolls of poison {!r}
 k - 8 scrolls of amnesia
 o - 3 scrolls of fear
 y - 6 scrolls of identify {@r1}
 M - 3 scrolls of enchant armour
 Q - 2 scrolls of vulnerability {!r!r}
 R - 3 scrolls of fog
 T - 3 scrolls of blinking {!r}
 U - a scroll of enchant weapon
Potions
 b - 2 potions of cancellation
 d - 6 potions of might
 g - 3 potions of flight
 i - 2 potions of berserk rage {!q}
 j - 8 potions of curing {@q1}
 p - 3 potions of ambrosia
 t - a potion of magic
 u - 7 potions of heal wounds {@q2}
 w - a potion of resistance
 x - 4 potions of haste {@q3}
 B - a potion of invisibility
 I - 6 potions of brilliance
 L - 3 potions of attraction {!q}
 S - 2 potions of lignification {!q}
 Z - 4 potions of mutation {!q}

Dungeon Overview and Level Annotations

Branches:
Dungeon (10/15) Zot: 25944  Temple (1/1) D:5 Zot: 5841    Lair (5/5) D:10 Zot: 23865
  Swamp (0/4) Lair:3        Snake (0/4) Lair:3        Slime (0/5) Lair:4
    Orc (2/2) D:9 Zot: 9942     Elf (0/3) Orc:2         Sewer (visited)
Ossuary (visited)         Volcano (visited)         Gauntlet (visited)

Altars:
Ashenzari
Cheibriados
Dithmenos
Elyvilon
Fedhas
Gozag
Hepliaklqana
Kikubaaqudgha
Makhleb
Nemelex Xobeh
Okawaru
Qazlal
Ru
Sif Muna
Trog
Uskayaw
Vehumet
Wu Jian
Xom
Yredelemnul
Zin
The Shining One

Shops:
D:4 * Orc:2

!!*
#......###.[.##,,,,,##...###...
##....###..)##,,*,*,,##...###..
##..###.#.##,,*∩,∩*,.##.#.###.
##[.###...##,,**,,,*#o.##...###
###.[..###.#.##,,**∩*#..##.#.###.
##.)....###...##,,###..##o..###..
.........###...##,3#o.##4o4###...
.....#....###.))##oo3*#o..###..[.
...........###.)@#3#.#...###...[.
.....#......###3)3o.....###.[)[[.
.......#.....###)#...#.###..<.)..
..............###.....###...)....
.....#........####...###.......<.
.....#..........###.###..........
...........#.....#####.......#...
..................###............
.................#.#............#


You could see a soul eater (summoned), a sixfirhy (summoned) and an orc
sorcerer.


Message History

You kill the orc high priest!
Makhleb accepts your kill.
You feel better.
The rust devil disappears in a puff of smoke! x2
The orc high priest mumbles some strange prayers to Beogh.
The orc sorcerer mumbles some strange words.
The orc sorcerer points at you and mumbles some strange words.
The bolt of fire misses you. 😨 HP[+7]
You regained 7 hp, and now have 63/126 hp.
You hit the orc sorcerer. You burn the orc sorcerer.
Your headbutt misses the orc sorcerer. The orange demon closely misses you.
You furiously retaliate!
You headbutt the orange demon! The orange demon misses you.
The hellwing closely misses you. You furiously retaliate!
You headbutt the hellwing! You block the hellwing's attack.
The orc sorcerer barely misses you. You furiously retaliate!
You headbutt the orc sorcerer. The orc sorcerer closely misses you.
You furiously retaliate!
You headbutt the orc sorcerer, but do no damage.
You bludgeon the orc sorcerer!! You burn the orc sorcerer!
You kill the orc sorcerer!
Makhleb accepts your kill.
You feel better.
The orange demon disappears in a puff of smoke!
The hellwing disappears in a puff of smoke!
The soul eater draws from the surrounding life force!
The soul eater draws from the surrounding life force!
* * * LOW HITPOINT WARNING * * *
Items here: )))) [[[[ ††. 😨 HP[-1]
You take 1 damage, and now have 62/126 hp.
Unknown command.
The soul eater draws from the surrounding life force!
You sock the soul eater! You burn the soul eater.
Your headbutt misses the soul eater. The soul eater hits you!
* * * LOW HITPOINT WARNING * * *
You feel drained.
* * * LOW HITPOINT WARNING * * *
😨 HP[-15]
You now have 122 max hp (-4).
You take 15 damage, and now have 47/122 hp.
You thump the soul eater! You burn the soul eater.
The orc sorcerer casts a spell. 😨 HP[+1]
You thump the soul eater! You burn the soul eater.
The soul eater draws from the surrounding life force!
You bludgeon the soul eater!! You burn the soul eater.
You kill the soul eater!
The soul eater disappears in a puff of smoke!
You hear a shout!
The orc high priest no longer looks unusually strong.
The orc sorcerer gestures at you while chanting.
The bolt of negative energy hits you!
You feel drained.
* * * LOW HITPOINT WARNING * * *
You hear a shout! x2 😨 HP[-8]
You now have 119 max hp (-3).
You take 8 damage, and now have 40/119 hp.
You closely miss the orc high priest. You hit the sun demon.
You block the orc high priest's attack. You block the sun demon's attack.
You bludgeon the orc high priest!! You burn the orc high priest!
The soul eater draws from the surrounding life force!
* * * LOW HITPOINT WARNING * * *
The sixfirhy barely misses you. You furiously retaliate!
You headbutt the sixfirhy! 😨 HP[-2]
You take 2 damage, and now have 38/119 hp.
You hit the orc high priest but do no damage.
You headbutt the orc high priest!
The orc sorcerer no longer looks unusually strong.
The sixfirhy hits you but does no damage. x2
The orc high priest hits you but does no damage.
The sixfirhy hits you but does no damage.
Unknown command.
You barely miss the orc high priest. You headbutt the orc high priest.
The sixfirhy hits you!
* * * LOW HITPOINT WARNING * * *
The sixfirhy shocks you!
* * * LOW HITPOINT WARNING * * *
You block the orc high priest's attack.
The soul eater barely misses you. 😱 HP[-22]
You take 22 damage, and now have 16/119 hp.
You sock the orc high priest! You burn the orc high priest.
You kill the orc high priest!
Makhleb accepts your kill.
You feel better.
The soul eater disappears in a puff of smoke!
The orc sorcerer points at you and mumbles some strange words.
The bolt of negative energy hits the soul eater.
The soul eater completely resists.
The bolt of negative energy hits you!
You feel drained.
* * * LOW HITPOINT WARNING * * *
😱 HP[-3]
You now have 118 max hp (-1).
You take 3 damage, and now have 13/118 hp.
You miss the sixfirhy.
The soul eater draws from the surrounding life force!
You die...

Skill      XL: |  1  2  3  4  5  6  7  8  9 10 11 12 13 14 |
---------------+-------------------------------------------+-----
Maces & Flails | 3 4 5 6 7 9 11 14 15 16 17 | 17.7
Dodging        | 3 5 7 8 9 10 | 10.6
Fighting       | 5 7 8 10 11 12 | 12.1
Armour         | 5 7 8 10 12 13 | 13.6
Shields        | 5 7 8 10 11 12 | 12.1
Invocations    | 3 4 6 7 9 |  9.8
Evocations     | 2 |  2.8

Action                   |  1- 3 |  4- 6 |  7- 9 | 10-12 | 13-15 || total
-------------------------+-------+-------+-------+-------+-------++-------
Melee: Flail             |    90 |    74 |       |       |       ||   164
       Headbutt          |     8 |     8 |    26 |   103 |   165 ||   310
       Mace              |       |    22 |   280 |   519 |   647 ||  1468
Invok: Lesser Servant of |       |       |       |       |     5 ||     5
       Minor Destruction |       |       |       |       |    22 ||    22
  Use: Potion            |     1 |       |       |     1 |       ||     2
       Scroll            |       |       |    12 |    16 |     3 ||    31
 Stab: Petrified         |       |       |       |       |     4 ||     4
       Distracted        |       |       |       |       |     2 ||     2
       Petrifying        |       |       |       |       |     1 ||     1
Armor: Scale mail        |    47 |    28 |   133 |   128 |   228 ||   564
Dodge: Dodged            |    33 |    34 |   130 |   152 |   246 ||   595
Block: Buckler           |    19 |    25 |    72 |   208 |   306 ||   630
       Reflection        |       |       |     3 |     9 |     3 ||    15

Levels and vault maps discovered:
D:1:      sevenhm_arrival_forest_fort_small_3, layout_basic, minmay_tetromino_t4
D:2:      layout_loops_cross, due_unseen_surprise, uniq_crazy_yiuf_cottage
D:3:      layout_rooms, dreamdust_ecumenical_altar_drowned_temple,
          serial_co_window_serial, co_window_of_opportunity_a,
          co_window_cross_1, co_window_of_opportunity_a, co_window_paths_a,
          co_window_corner_a, co_window_2corner, co_window_unsneaky_path_e,
          co_window_unsneaky_path_e, co_window_4corner_a, glass_columns_b,
          glass_columns_c, minmay_fractal_squares_gapless_5
D:4:      layout_basic, chequers_temple_overflow_minitemple, st_stairs_10,
          nicolae_shop_clearance, uniq_robin, uniq_sigmund
D:5:      layout_basic, mainiacjoe_overflow_chevrons,
          mainiacjoe_overflow_tiny_flanked, temple_green
D:6:      layout_gridville, mainiacjoe_overflow_boulevard,
          kennysheep_little_box, portal_sewer_entry_f, minmay_misc_feat_room,
          kennysheep_generic_room_12
D:7:      layout_basic, uniq_prince_ribbit1
D:8:      layout_loops_corners, nicolae_ossuary_entry_catacombs,
          minmay_fractal_squares_5
D:9:      layout_loops_ring, hiddenorc2_lemuel, nicolae_benzene_ring
D:10:     layout_roguey, lair_entry_dummy, minmay_misc_feat_chi, uniq_erolcha
Temple:   eino_narrow_crystal_temple
Lair:1:   layout_cave_pods
Lair:2:   layout_hall_layers, lemuel_fruit_tree, uniq_maggie
Lair:3:   layout_chaotic_city, minmay_swamp_entry_worms,
          minmay_snake_entry_guardpost_large, chequers_serial_rivers_small_b,
          minivault_19, serial_bayou_pond_b, nicolae_lair_lindhole,
          infiniplex_staircase_pool, uniq_fannar
Lair:4:   layout_loops_ring, slime_entry_1, grunt_megastairs_2,
          infiniplex_staircase_pool_2, uniq_urug, uniq_rupert
Lair:5:   grunt_lair_end_beastmaster, layout_regular_city
Orc:1:    layout_caves
Orc:2:    pf_orc_diabolical, layout_caves, serial_shops, shop_statue,
          enter_volcano_2, gauntlet_entry_generic

Notes
Turn   | Place    | Note
-------+----------+-------------------------------------------
     0 | D:1      | kae the Minotaur Fighter began the quest for the Orb.
     0 | D:1      | Reached XP level 1. HP: 19/19 MP: 0/0
     0 | D:1      | magus.rc [v1.11.3]
    57 | D:1      | Reached skill level 3 in Maces & Flails
   180 | D:1      | Reached XP level 2. HP: 26/26 MP: 1/1
   469 | D:1      | Reached skill level 4 in Maces & Flails
   476 | D:1      | You pick up a book of Vapours and begin reading...
   476 | D:1      | You add the spells Poisonous Vapours and Corpse Rot to your
                  | library.
   763 | D:1      | Reached XP level 3. HP: 31/31 MP: 2/2
  1012 | D:1      | You fall into a shaft and drop 1 floor!
  1641 | D:2      | Reached skill level 5 in Maces & Flails
  1710 | D:2      | Found a runed translucent door.
  1711 | D:2      | Noticed Crazy Yiuf
  2245 | D:4      | Reached XP level 4. HP: 22/39 MP: 3/3
  2849 | D:2      | Reached skill level 6 in Maces & Flails
  2898 | D:2      | Reached XP level 5. HP: 26/45 MP: 4/4
  3687 | D:2      | Reached skill level 7 in Maces & Flails
  4158 | D:3      | Found a faded altar of an unknown god.
  4530 | D:2      | Killed Crazy Yiuf
  4531 | D:2      | Reached XP level 6. HP: 51/51 MP: 5/5
  4535 | D:2      | Identified the +10 hammer of the Shrike {flame, Will+
                  | Int+2}
  4616 | D:4      | Noticed an orc warrior
  4811 | D:3      | Killed an orc warrior
  4812 | D:3      | Reached skill level 8 in Maces & Flails
  5038 | D:4      | Reached skill level 9 in Maces & Flails
  5105 | D:4      | Reached XP level 7. HP: 52/57 MP: 6/6
  5137 | D:4      | Noticed Sigmund
  5143 | D:4      | Killed Sigmund
  5144 | D:4      | Reached skill level 10 in Maces & Flails
  5169 | D:4      | Found a shadowy altar of Dithmenos.
  5169 | D:4      | Found a radiant altar of Vehumet.
  5179 | D:4      | Found a faded altar of an unknown god.
  5181 | D:4      | Found a hazy altar of Hepliaklqana.
  5183 | D:4      | Found a shimmering blue altar of Sif Muna.
  5242 | D:4      | Noticed Robin
  5262 | D:4      | Killed Robin
  5384 | D:4      | Reached skill level 11 in Maces & Flails
  5530 | D:4      | Found Yryall's CLEARANCE SALE!.
  5538 | D:4      | Bought a potion of heal wounds for 20 gold pieces
  5578 | D:4      | You pick up a book of Frost and begin reading...
  5578 | D:4      | You add the spells Freeze, Frozen Ramparts and Hailstorm to
                  | your library.
  5980 | D:5      | Entered Level 5 of the Dungeon
  6017 | D:5      | Found a glowing silver altar of Zin.
  6026 | D:5      | Reached XP level 8. HP: 64/64 MP: 7/7
  6045 | D:5      | Found a staircase to the Ecumenical Temple.
  6284 | Temple   | Entered the Ecumenical Temple
  6434 | Temple   | Became a worshipper of Makhleb the Destroyer
  6490 | D:5      | Reached skill level 12 in Maces & Flails
  6692 | D:5      | Identified the +9 falchion "Oxot Amygg" {vorpal, rElec
                  | Will+ Int-2}
  7027 | D:5      | Found an iron altar of Okawaru.
  7127 | D:6      | Found a glowing drain.
  7137 | D:6      | Reached * piety under Makhleb
  7149 | Sewer    | Entered a sewer
  7205 | Sewer    | Reached skill level 13 in Maces & Flails
  7272 | Sewer    | Identified the +8 hand axe "Tifimm" {vorpal, +Blink MP+9}
  7353 | Sewer    | Reached ** piety under Makhleb
  7499 | D:6      | Noticed a troll
  7513 | D:6      | Killed a troll
  7514 | D:6      | Reached skill level 14 in Maces & Flails
  7514 | D:6      | Reached XP level 9. HP: 61/71 MP: 8/8
  8134 | D:6      | Reached skill level 1 in Dodging
  8281 | D:6      | Found an ornate altar of the Wu Jian Council.
  8310 | D:6      | Reached skill level 4 in Fighting
  8310 | D:6      | Reached skill level 4 in Armour
  8310 | D:6      | Reached skill level 4 in Shields
  8310 | D:6      | Reached skill level 1 in Invocations
  8591 | D:6      | Found a broken altar of Ashenzari.
  8663 | D:7      | Noticed Prince Ribbit
  8674 | D:7      | Killed Prince Ribbit
  8784 | D:7      | Reached skill level 2 in Dodging
  8830 | D:7      | Reached skill level 2 in Invocations
  8960 | D:7      | Reached skill level 5 in Shields
  9059 | D:7      | Reached skill level 3 in Dodging
  9061 | D:7      | Reached skill level 5 in Armour
  9066 | D:7      | Reached skill level 5 in Fighting
  9089 | D:7      | Noticed a troll
  9095 | D:7      | Killed a troll
  9169 | D:7      | Reached *** piety under Makhleb
  9380 | D:7      | Reached skill level 3 in Invocations
  9390 | D:7      | You pick up a book of Changes and begin reading...
  9390 | D:7      | You add the spells Beastly Appendage, Wereblood and Spider
                  | Form to your library.
  9435 | D:8      | Reached XP level 10. HP: 65/79 MP: 11/11
  9462 | D:8      | Found a sand-covered staircase.
  9472 | Ossuary  | Entered an ossuary
  9696 | Ossuary  | Reached **** piety under Makhleb
  9697 | Ossuary  | Reached skill level 4 in Dodging
  9933 | D:8      | You pick up a book of Cantrips and begin reading...
  9933 | D:8      | You add the spells Necrotise, Summon Small Mammal and
                  | Apportation to your library.
  9978 | D:8      | You pick up a book of Conjurations and begin reading...
  9978 | D:8      | You add the spells Magic Dart, Searing Ray and Fulminant
                  | Prism to your library.
 10010 | D:8      | Noticed a two-headed ogre
 10016 | D:8      | Killed a two-headed ogre
 10017 | D:8      | Reached skill level 6 in Fighting
 10017 | D:8      | Reached skill level 6 in Armour
 10017 | D:8      | Reached skill level 6 in Shields
 10084 | D:8      | Reached skill level 4 in Invocations
 10130 | D:8      | Paralysed by a hornet for 3 turns
 10135 | D:8      | HP: 20/84 [poisoned by a hornet]
 10141 | D:8      | Reached skill level 5 in Dodging
 10149 | D:8      | HP: 20/84 [poisoned by a kobold brigand (curare-tipped
                  | dart)]
 10444 | D:8      | You pick up a book of Minor Magic and begin reading...
 10444 | D:8      | You add the spells Call Imp and Mephitic Cloud to your
                  | library.
 11038 | D:9      | Reached skill level 15 in Maces & Flails
 11045 | D:9      | Reached skill level 7 in Armour
 11045 | D:9      | Reached skill level 7 in Shields
 11367 | D:9      | Reached skill level 7 in Fighting
 11367 | D:9      | Reached XP level 11. HP: 90/92 MP: 13/13
 11777 | D:9      | Reached ***** piety under Makhleb
 11778 | D:9      | Found a staircase to the Orcish Mines.
 11788 | D:9      | Reached skill level 5 in Invocations
 12075 | D:10     | Entered Level 10 of the Dungeon
 12397 | D:10     | Reached skill level 6 in Dodging
 12540 | D:10     | Noticed Erolcha
 12551 | D:10     | Killed Erolcha
 12745 | D:10     | Found a staircase to the Lair.
 12824 | D:10     | Reached skill level 8 in Armour
 12824 | D:10     | Reached skill level 8 in Shields
 12836 | D:10     | Reached skill level 8 in Fighting
 12939 | Lair:1   | Entered Level 1 of the Lair of Beasts
 13087 | Lair:1   | Reached skill level 6 in Invocations
 13164 | Lair:1   | Identified the +8 hand axe "Ased" {vorpal, rF+ rN+}
 13167 | Lair:1   | You fall into a shaft and drop 1 floor!
 13193 | Lair:2   | Noticed a four-headed hydra
 13434 | Lair:1   | Identified the +5 falchion of the Abyss {drain, rElec rC+}
 13788 | Lair:1   | Reached skill level 7 in Dodging
 13915 | Lair:1   | Reached XP level 12. HP: 103/103 MP: 15/15
 14294 | Lair:2   | Killed a four-headed hydra
 14486 | Lair:2   | You pick up a book of Rime and begin reading...
 14486 | Lair:2   | You add the spells Ice Form and Summon Ice Beast to your
                  | library.
 14850 | Lair:2   | Noticed Maggie
 14860 | Lair:2   | Killed Maggie
 14861 | Lair:2   | Reached skill level 9 in Armour
 14861 | Lair:2   | Identified the +1 ring mail "Vaud" {Slay+2}
 14941 | Lair:2   | Reached skill level 9 in Shields
 15119 | Lair:3   | Reached skill level 9 in Fighting
 15133 | Lair:3   | Noticed Fannar
 15136 | Lair:3   | Reached skill level 16 in Maces & Flails
 15142 | Lair:3   | Killed Fannar
 15319 | Lair:3   | Reached skill level 7 in Invocations
 15466 | Lair:3   | Noticed a death yak
 15475 | Lair:3   | Killed a death yak
 15486 | Lair:3   | Reached skill level 8 in Dodging
 15696 | Lair:3   | Found a staircase to the Snake Pit.
 16010 | Lair:3   | Reached skill level 10 in Armour
 16010 | Lair:3   | Reached skill level 10 in Shields
 16215 | Lair:3   | Found a staircase to the Swamp.
 16228 | Lair:3   | Reached skill level 10 in Fighting
 16390 | Lair:4   | Reached XP level 13. HP: 103/113 MP: 17/17
 16420 | Lair:4   | Reached ****** piety under Makhleb
 16627 | Lair:4   | Noticed Urug
 16633 | Lair:4   | Reached skill level 8 in Invocations
 16635 | Lair:4   | HP: 21/113 [Urug/+3 demon trident of freezing (13)]
 16639 | Lair:4   | Killed Urug
 17032 | Lair:4   | Reached skill level 9 in Dodging
 17175 | Lair:4   | Noticed Rupert
 17188 | Lair:4   | Killed Rupert
 17217 | Lair:4   | Found a staircase to the Slime Pits.
 17638 | Lair:5   | Entered Level 5 of the Lair of Beasts
 17863 | Lair:5   | Reached skill level 11 in Armour
 17884 | Lair:5   | Reached skill level 17 in Maces & Flails
 17961 | Lair:5   | Reached skill level 11 in Shields
 17968 | Lair:5   | Reached skill level 11 in Fighting
 18134 | Lair:5   | HP: 26/116 [death yak (21)]
 18136 | Lair:5   | Reached skill level 12 in Armour
 18136 | Lair:5   | Reached skill level 9 in Invocations
 18139 | Lair:5   | HP: 25/116 [death yak (9)]
 18355 | Lair:5   | Reached XP level 14. HP: 107/124 MP: 19/19
 18416 | Lair:5   | Identified the ring of Rihan {Str+4 Int+6}
 18590 | Lair:5   | Reached skill level 10 in Dodging
 18639 | Lair:5   | You add the spells Summon Forest, Eringya's Noxious Bog and
                  | Summon Hydra to your library.
 19280 | Orc:1    | Entered Level 1 of the Orcish Mines
 20149 | Orc:2    | Entered Level 2 of the Orcish Mines
 20240 | Orc:2    | Found a gate leading to a gauntlet.
 20253 | Gauntlet | Entered a Gauntlet
 20253 | Gauntlet | Found a transporter.
 20253 | Gauntlet | Found a transporter.
 20254 | Gauntlet | Found a transporter.
 20257 | Gauntlet | Found a transporter.
 20257 | Gauntlet | Found a transporter.
 20267 | Gauntlet | Found a transporter.
 20271 | Gauntlet | Found a transporter.
 20296 | Gauntlet | Found a transporter.
 20306 | Gauntlet | Found a transporter.
 20321 | Gauntlet | Found a transporter.
 20333 | Gauntlet | Found a transporter.
 20346 | Gauntlet | Found a transporter.
 20470 | Gauntlet | Reached skill level 1 in Evocations
 20660 | Gauntlet | You add the spells Portal Projectile and Anguish to your
                  | library.
 20660 | Gauntlet | Got the Volume of Spellbinding
 20810 | Orc:2    | Found Poan's Distillery.
 20865 | Orc:2    | Found a dark tunnel.
 20872 | Volcano  | Entered a volcano
 20971 | Volcano  | Reached skill level 13 in Armour
 21789 | Volcano  | Reached skill level 2 in Evocations
 22936 | Orc:2    | Found a staircase to the Elven Halls.
 23072 | Orc:2    | Found Saheohex's Distillery.
 23076 | Orc:2    | Found Hougim's General Store.
 23465 | Orc:2    | Reached skill level 12 in Shields
 23483 | Orc:2    | Reached skill level 12 in Fighting
 23486 | Orc:2    | HP: 26/126 [orc knight/+1 great sword of electrocution
                  | (21)]
 23488 | Orc:2    | HP: 12/126 [orange demon[an orc high priest] (12)]
 23493 | Orc:2    | HP: 9/126 [poisoned by an orange demon]
 23963 | Orc:2    | HP: 27/119 [sixfirhy[an orc sorcerer] (11)]
 23964 | Orc:2    | HP: 13/116 [orc sorcerer/bolt of negative energy (13)]
 23965 | Orc:2    | Slain by a soul eater

Vanquished Creatures
  Rupert (Lair:4)
  A minotaur (Gauntlet)
  Fannar (Lair:3)
  Erolcha (D:10)
  A hydra (Lair:2)
  A catoblepas (Lair:5)
  A deep troll shaman (Lair:5)
  A two-headed ogre (D:8)
  6 death yaks
  Urug (Lair:4)
  3 orc high priests (Orc:2)
  A soul eater (Orc:2)
  7 lindwurms
  A wizard (Gauntlet)
  4 orc sorcerers
  5 orc knights
  16 elephants
  A rust devil (Orc:2)
  An eye of devastation (Gauntlet)
  4 molten gargoyles (Volcano)
  7 black mambas
  Maggie (Lair:2)
  8 cane toads
  4 kobold demonologists (D:10)
  2 minotaur zombies (Gauntlet)
  An unseen horror (D:9)
  2 efreet (Volcano)
  6 komodo dragons
  A rime drake (Lair:3)
  2 ice devils (Orc:2)
  4 trolls
  2 polar bears
  Prince Ribbit (D:7)
  A tyrant leech (Lair:3)
  6 blink frogs (Lair:1)
  11 dream sheep
  A hornet (D:8)
  Sigmund (D:4)
  3 flying skulls (Gauntlet)
  A vampire (D:9)
  A wraith (D:10)
  2 wyverns
  55 yaks
  4 basilisks
  4 fire elementals (Volcano)
  A golden eye (shapeshifter) (D:9)
  A chaos spawn (Orc:2)
  4 swamp worms
  3 nagas (Lair:3)
  2 wargs
  11 water moccasins
  A floating eye (Gauntlet)
  A sky beast (D:7)
  2 ice beasts
  27 orc warriors
  An ogre (Orc:1)
  8 black bears
  24 wolves
  3 centaurs
  2 phantoms (D:4)
  An elf zombie (D:8)
  3 kobold brigands
  2 earth elementals (Volcano)
  A gnoll sergeant (D:8)
  13 bullfrogs
  2 elf skeletons (D:8)
  A necrophage (D:5)
  2 scorpions
  15 wights
  3 howler monkeys (D:7)
  4 gnoll boudas
  26 orc priests
  A jelly (D:8)
  4 hounds
  4 iguanas
  15 orc wizards
  Crazy Yiuf (D:2)
  3 human skeletons (D:8)
  4 hell rats (Lair:2)
  13 mummies (Ossuary)
  Robin (D:4)
  22 gnolls
  4 adders
  5 river rats (Sewer)
  A shadow imp (Gauntlet)
  5 white imps
  2 worms
  102 orcs
  13 ball pythons
  11 endoplasms
  5 giant cockroaches
  14 goblins
  10 hobgoblins
  7 jackals (D:4)
  7 quokkas
  7 bats
  8 frilled lizards
  4 gnoll skeletons (Ossuary)
  A goblin skeleton (Ossuary)
  10 kobolds
  3 kobold skeletons (Ossuary)
  24 rats
  11 rat skeletons (Ossuary)
  A spectral goblin (D:3)
  2 fire vortices (Volcano)
678 creatures vanquished.

Vanquished Creatures (collateral kills)
  2 orc warriors (Orc:2)
2 creatures vanquished.

Vanquished Creatures (others)
  A bush (Lair:4)
  13 demonic plants (Gauntlet)
  A fire vortex (Volcano)
  15 fungi
  25 plants
55 creatures vanquished.

Grand Total: 735 creatures vanquished

Table legend:
 A = Non-vault XP
 B = Vault XP
 C = Vault XP percentage of total XP
 D = Non-vault monster count
 E = Vault monster count
 F = Vault count percentage of total count
                 A         B        C        D         E       F
            +---------+---------+-------+---------+---------+-------
      Total |   53414 |   38399 |  41.8 |     433 |     245 |  36.1
            +---------+---------+-------+---------+---------+-------
        D:1 |      40 |       4 |   9.1 |      25 |       3 |  10.7
        D:2 |     180 |      36 |  16.7 |      21 |       1 |   4.5
        D:3 |     230 |       6 |   2.5 |      17 |       3 |  15.0
        D:4 |     612 |     278 |  31.2 |      27 |      14 |  34.1
        D:5 |     623 |       0 |   0.0 |      30 |       0 |   0.0
        D:6 |    1053 |      12 |   1.1 |      21 |       6 |  22.2
        D:7 |    1718 |     283 |  14.1 |      33 |       1 |   2.9
        D:8 |    3288 |     618 |  15.8 |      35 |       9 |  20.5
        D:9 |    2685 |     538 |  16.7 |      26 |      32 |  55.2
       D:10 |    3834 |     857 |  18.3 |      18 |       1 |   5.3
     Lair:1 |    5390 |       0 |   0.0 |      21 |       0 |   0.0
     Lair:2 |    2432 |     418 |  14.7 |      10 |       1 |   9.1
     Lair:3 |    6460 |    4501 |  41.1 |      22 |      12 |  35.3
     Lair:4 |   10699 |    3056 |  22.2 |      50 |       3 |   5.7
     Lair:5 |   10033 |    7970 |  44.3 |      35 |      15 |  30.0
      Orc:1 |    2975 |       0 |   0.0 |      24 |       0 |   0.0
      Orc:2 |    1162 |   10391 |  89.9 |      18 |      48 |  72.7
      Sewer |       0 |     292 | 100.0 |       0 |      35 | 100.0
    Ossuary |       0 |     254 | 100.0 |       0 |      32 | 100.0
    Volcano |       0 |    4742 | 100.0 |       0 |      14 | 100.0
   Gauntlet |       0 |    4143 | 100.0 |       0 |      15 | 100.0
            +---------+---------+-------+---------+---------+-------

Illustrated notes

Table legend:
 A = Kills in this place as a percentage of kills in entire the game.
 B = Kills by you in this place as a percentage of kills by you in the entire game.
 C = Kills by friends in this place as a percentage of kills by friends in the entire game.
 D = Other kills in this place as a percentage of other kills in the entire game.
 E = Experience gained in this place as a percentage of experience gained in the entire game.
 F = Experience gained in this place divided by the number of levels of this place that you have seen.
                   A       B       C       D       E      F
               +-------+-------+-------+-------+-------+----------------------
         Total | 100.0 | 100.0 | 100.0 |   N/A | 100.0 | 4173.3
       Dungeon |  47.6 |  47.8 |   0.0 |   N/A |  18.4 | 1689.5
          Lair |  24.9 |  25.0 |   0.0 |   N/A |  55.5 | 10191.8
  Orcish Mines |  13.3 |  13.0 | 100.0 |   N/A |  15.8 | 7264.0
         Sewer |   5.2 |   5.2 |   0.0 |   N/A |   0.3 | 292.0
       Ossuary |   4.7 |   4.7 |   0.0 |   N/A |   0.3 | 254.0
       Volcano |   2.1 |   2.1 |   0.0 |   N/A |   5.2 | 4742.0
      Gauntlet |   2.2 |   2.2 |   0.0 |   N/A |   4.5 | 4143.0
               +-------+-------+-------+-------+-------+----------------------

Table legend: (Time is in decaauts)
 A = Elapsed time spent in this place.
 B = Non-inter-level travel time spent in this place.
 C = Inter-level travel time spent in this place.
 D = Time resting spent in this place.
 E = Time spent auto-exploring this place.
 F = Levels seen in this place.
 G = Mean time per level.
                   A        B        C        D        E       F      G
               +--------+--------+--------+--------+--------+-----+--------+
         Total |  23697 |  22935 |    762 |   3002 |  16653 |  22 | 1077.1 |
       Dungeon |  12347 |  11907 |    440 |   1881 |   8449 |  10 | 1234.7 |
        Temple |    158 |    137 |     21 |      0 |    130 |   1 |  158.0 |
          Lair |   6134 |   5943 |    191 |      5 |   5184 |   5 | 1226.8 |
  Orcish Mines |   2056 |   1947 |    109 |    282 |   1304 |   2 | 1028.0 |
         Sewer |    323 |    323 |      0 |      0 |    203 |   1 |  323.0 |
       Ossuary |    285 |    285 |      0 |      0 |    172 |   1 |  285.0 |
       Volcano |   1912 |   1912 |      0 |    834 |    894 |   1 | 1912.0 |
      Gauntlet |    478 |    478 |      0 |      0 |    316 |   1 |  478.0 |
               +--------+--------+--------+--------+--------+-----+--------+

Top non-repeatable levels by time:
     D:3: 1923 daAuts
 Volcano: 1912 daAuts
     D:2: 1633 daAuts
     D:4: 1477 daAuts
  Lair:5: 1459 daAuts
     D:8: 1437 daAuts
  Lair:1: 1327 daAuts
  Lair:4: 1304 daAuts
     D:6: 1250 daAuts
  Lair:3: 1182 daAuts
     D:1: 1167 daAuts
   Orc:2: 1052 daAuts
     D:9: 1045 daAuts
   Orc:1: 1003 daAuts
    D:10: 895 daAuts
